 Dungeon Crawl Stone Soup version 0.27.1 (webtiles) character file.

Game seed: 2191802988505450274

943 Ishikawa the Chopper (level 7, -20/54 HPs)
             Began as a Demonspawn Fighter on Aug 24, 2021.
             Demolished by a large slime creature (28 damage)
             ... on level 5 of the Dungeon.
             The game lasted 00:09:50 (4046 turns).

Ishikawa the Chopper (Demonspawn Fighter)           Turns: 4046, Time: 00:09:51

Health: -20/54     AC: 13    Str: 16    XL:     7   Next: 88%
Magic:  8/8        EV:  8    Int: 10    God:
Gold:   165        SH:  9    Dex: 14    Spells: 8/8 levels left

rFire    . . .     SeeInvis .   a - +0 war axe
rCold    . . .     Faith    .   c - +0 kite shield
rNeg     . . .     Spirit   .   b - +0 scale mail
rPois    .         Reflect  .   (helmet restricted)
rElec    .         Harm     .   p - +2 cloak
rCorr    +         Rampage  .   v - +0 pair of gloves
Will     .....                  (no boots)
Stlth    +.........             u - amulet of regeneration
HPRegen  1.18/turn              r - ring of resist corrosion
MPRegen  0.11/turn              (no ring)

@: no status effects
A: antennae 1, thin metallic scales 1, spiny 1
a: no special abilities


You were on level 5 of the Dungeon.
You visited 1 branch of the dungeon, and saw 5 of its levels.

You collected 165 gold pieces.

Inventory:

Hand Weapons
 a - a +0 war axe (weapon)
 d - a +4 quarterstaff of chaos
 y - a +1 vorpal spear
Armour
 b - a +0 scale mail (worn)
 c - a +0 kite shield (worn)
 p - a +2 cloak (worn)
 q - a +0 cloak of poison resistance
 v - a +0 pair of gloves (worn)
Magical Staves
 m - a staff of fire
Jewellery
 r - a ring of resist corrosion (left hand)
 u - an amulet of regeneration (around neck)
Wands
 t - a wand of flame (11)
Scrolls
 f - 4 scrolls of identify
 g - a scroll of silence
 i - a scroll of fear {unknown}
 k - 3 scrolls of teleportation {unknown}
 l - a scroll of enchant armour {unknown}
 o - a scroll of summoning {unknown}
 s - 2 scrolls of vulnerability {unknown}
 w - a scroll of amnesia {unknown}
 B - a scroll of noise {unknown}
Potions
 e - 2 potions of attraction
 h - a potion of magic
 j - a potion of curing {unknown}
 n - 3 potions of flight {unknown}
 x - a potion of degeneration {unknown}
 z - a potion of berserk rage {unknown}
 A - a potion of ambrosia {unknown}


   Skills:
 * Level 4.1 Fighting
 * Level 4.7 Axes
 * Level 4.6 Armour
 * Level 2.0 Dodging
 * Level 2.4 Stealth
 * Level 3.8 Shields
 - Level 1.1 Spellcasting
 * Level 1.9 Evocations


You had 8 spell levels left.
You didn't know any spells.
Your spell library contained the following spells:

 Spells                   Type           Power      Damage    Failure   Level
 Magic Dart               Conj           0%         1d3       99%         1
 Shock                    Conj/Air       0%         1d3       99%         1
 Searing Ray              Conj           0%         3d3       100%        2
 Dazzling Flash           Conj/Hex       0%         N/A       100%        3
 Swiftness                Air            0%         N/A       100%        3
 Airstrike                Air            0%         N/A       100%        4
 Fulminant Prism          Conj/Hex       0%         3d6       100%        4
 Agony                    Necr           0%         N/A       100%        5
 Silence                  Hex/Air        0%         N/A       100%        5


Dungeon Overview and Level Annotations

Branches:
Dungeon (5/15)
 Temple: D:4-7

Altars:
Xom

Shops:
D:1 [


Innate Abilities, Weirdness & Mutations

You have a pair of small antennae on your head.
You are partially covered in thin metallic scales. (AC +2)
You are partially covered in sharp spines.


Message History

You slash the large slime creature!
The large slime creature is moderately wounded.
You block the large slime creature's attack.
You hit the large slime creature.
The large slime creature is moderately wounded.
The large slime creature hits you.
The large slime creature is struck by your spines.
The large slime creature hits you!!
Ouch! That really hurt!
* * * LOW HITPOINT WARNING * * *
There is an open door here.
You hit the slime creature.
The slime creature is lightly wounded.
The jelly jiggles.
The slime creature is struck by your spines.
The slime creature hits you.
There is an open gate here.
The slime creature is struck by your spines.
The slime creature hits you but does no damage.
Items here: ( ))) †.
Two slime creatures merge to form a large slime creature.
Items here: (( ))) †††.
You hit the jelly.
Your hands burn!
The jelly is moderately wounded.
The jelly hits you but does no damage. The jelly is struck by your spines.
The jelly closely misses you.
You hit the jelly.
Your hands burn!
The jelly is heavily wounded.
You block the jelly's attack.
You barely miss the jelly.
The jelly is heavily wounded.
You hit the large slime creature.
The large slime creature is lightly wounded.
The large slime creature hits you!!
Ouch! That really hurt!
* * * LOW HITPOINT WARNING * * *
The large slime creature is struck by your spines.
The large slime creature hits you!!
Ouch! That really hurt!
You die...

...........#########
...................#
.................#.#
...........#####.#
...........# #.#
############ #.# #.#
#### #.#
...########## #@#
P..J##......####J#
...#.#.......##JJ#
.J{#J#........'.J#
JJJ#J#........'..#
JP.#{#'#...)..'..#
...#{#.#.....##..#
..{#.#.#....####.#
...##J####### ....


You could see a large slime creature, a jelly and 2 endoplasms.

Vanquished Creatures
  A black bear (D:4)
  3 sky beasts (D:5)
  An ogre (D:4)
  2 kobold brigands (D:5)
  A water moccasin zombie (D:5)
  A scorpion (D:5)
  Crazy Yiuf (D:3)
  A jelly (D:5)
  2 iguanas (D:5)
  An orc wizard (D:5)
  An adder (D:2)
  A howler monkey skeleton (D:5)
  An ufetubus (D:5)
  A worm (D:4)
  5 dart slugs
  5 orcs
  7 endoplasms
  6 giant cockroaches
  5 goblins
  5 hobgoblins
  8 jackals
  13 kobolds
  A quokka (D:2)
  3 ball pythons
  A bat (D:1)
  2 frilled lizards
  7 rats
  3 toadstools (D:1)
89 creatures vanquished.

Vanquished Creatures (others)
  5 fungi
  8 toadstools
13 creatures vanquished.

Grand Total: 102 creatures vanquished

Notes
Turn   | Place    | Note
-------+----------+-------------------------------------------
     0 | D:1      | Ishikawa the Demonspawn Fighter began the quest for the
                  | Orb.
     0 | D:1      | Reached XP level 1. HP: 18/18 MP: 1/1
   212 | D:1      | Found Pupsekhlo's Antique Armour Boutique.
   256 | D:1      | Gained mutation: You are partially covered in sharp spines.
                  | [demonic ancestry]
   256 | D:1      | Reached XP level 2. HP: 21/24 MP: 2/2
   682 | D:1      | Found a faded altar of an unknown god.
   706 | D:1      | Reached XP level 3. HP: 25/29 MP: 3/3
  1069 | D:2      | Found a shimmering altar of Xom.
  1713 | D:3      | Found a runed translucent door.
  1714 | D:3      | Noticed Crazy Yiuf
  1721 | D:3      | Killed Crazy Yiuf
  1722 | D:3      | Reached XP level 4. HP: 6/35 MP: 0/5
  2544 | D:4      | Noticed an ogre
  2552 | D:4      | Killed an ogre
  2553 | D:4      | Reached skill level 1 in Stealth
  2553 | D:4      | Reached skill level 1 in Spellcasting
  2553 | D:4      | Reached XP level 5. HP: 14/41 MP: 6/6
  2778 | D:4      | Noticed a black bear
  2787 | D:4      | Killed a black bear
  2788 | D:4      | Reached skill level 1 in Dodging
  2788 | D:4      | Gained mutation: You are partially covered in thin metallic
                  | scales. (AC +2) [demonic ancestry]
  2788 | D:4      | Reached XP level 6. HP: 9/48 MP: 7/7
  3411 | D:5      | Entered Level 5 of the Dungeon
  3463 | D:5      | Noticed a sky beast
  3479 | D:5      | Killed a sky beast
  3544 | D:5      | Noticed a sky beast
  3552 | D:5      | Reached skill level 1 in Evocations
  3555 | D:5      | Killed a sky beast
  3556 | D:5      | Gained mutation: You have a pair of small antennae on your
                  | head. [demonic ancestry]
  3556 | D:5      | Reached XP level 7. HP: 48/53 MP: 8/8
  4006 | D:5      | Noticed a slime creature
  4006 | D:5      | Noticed a slime creature
  4046 | D:5      | Demolished by a large slime creature

Illustrated notes

Levels and vault maps discovered:
D:1:      ldierk_water_garden, layout_loops_cross,
          shapermc_ecumenical_altar_mp_urbaneastern, serial_shops, shop
D:2:      layout_rooms, basic_altar
D:3:      layout_basic, uniq_crazy_yiuf_cottage
D:4:      layout_cave_pools
D:5:      cheibrodos_fertilizer, layout_basic, kennysheep_small_circle

Skill      XL: |  1  2  3  4  5  6  7 |
---------------+----------------------+-----
Axes           | 2 3 4 |  4.7
Armour         | 3 4 |  4.6
Shields        | 3 |  3.8
Stealth        | 1 2 |  2.4
Spellcasting   | 1 |  1.1
Dodging        | 1 2 |  2.0
Evocations     | 1 |  1.9
Fighting       | 4 |  4.1

Action                   |  1- 3 |  4- 6 |  7- 9 || total
-------------------------+-------+-------+-------++-------
Melee: War axe           |   109 |    65 |    81 ||   255
  Use: Potion            |       |     2 |       ||     2
       Scroll            |       |       |     2 ||     2
Armor: Scale mail        |    51 |    29 |    39 ||   119
Dodge: Dodged            |    26 |    18 |    23 ||    67
Block: Kite shield       |    45 |    27 |    35 ||   107
